 Dungeon Crawl Stone Soup version 0.30-a0-4-ga7cffc901d (webtiles) character file.

Game seed: 3235531985259852211

186 Setbun the Sneak (level 5, -1/30 HPs)
             Began as a Kobold Enchanter on Aug 20, 2022.
             Killed from afar by an orc wizard (5 damage)
             ... with a magic dart
             ... on level 2 of the Dungeon.
             The game lasted 00:03:36 (2855 turns).

Setbun the Sneak (Kobold Enchanter)                 Turns: 2855, Time: 00:03:37

Health: -1/30      AC:  3    Str:  5    XL:     5   Next: 97%
Magic:  0/9        EV: 16    Int: 16    God:
Gold:   194        SH:  0    Dex: 18    Spells: 7/9 levels left

rFire   . . .      SeeInvis .    a - +1 dagger
rCold   . . .      Faith    .    (no shield)
rNeg    . . .      Spirit   .    b - +0 robe
rPois   .          Reflect  .    (no helmet)
rElec   .          Harm     .    q - scarf {+Inv}
rCorr   .          Rampage  .    r - +0 pair of gloves
Will    .....                    (no boots)
Stlth   ++++......               o - amulet of regeneration
HPRegen 0.90/turn                (no ring)
MPRegen 0.11/turn                (no ring)

@: no status effects
A: small, no large weapons, nightstalker 3
a: Evoke Invisibility


You were on level 2 of the Dungeon.
You visited 1 branch of the dungeon, and saw 3 of its levels.

You collected 194 gold pieces.

Inventory:

Hand Weapons
 a - a +1 dagger (weapon)
Armour
 b - a +0 robe (worn)
 q - a scarf of invisibility (worn)
 r - a +0 pair of gloves (worn)
Jewellery
 o - an amulet of regeneration (around neck)
 p - a ring of flight
Scrolls
 d - a scroll of vulnerability {unknown}
 e - 3 scrolls of teleportation {unknown}
 f - a scroll of brand weapon {unknown}
 h - a scroll of magic mapping {unknown}
 i - 2 scrolls of blinking {unknown}
 j - 3 scrolls of fear {unknown}
 k - a scroll of identify {unknown}
 l - a scroll of enchant armour {unknown}
 m - a scroll of enchant weapon {unknown}
 t - a scroll of fog {unknown}
 u - a scroll of immolation {unknown}
Potions
 c - 2 potions of invisibility
 g - a potion of might {unknown}
 n - a potion of attraction {unknown}
 s - 2 potions of flight {unknown}


   Skills:
 + Level 1.7 Fighting
 * Level 4.1 Short Blades
 + Level 3.3 Dodging
 + Level 4.8 Stealth
 + Level 2.9 Spellcasting
 + Level 3.6 Hexes


You had 7 spell levels left.
You knew the following spells:

 Your Spells              Type           Power      Damage    Failure   Level
a - Ensorcelled Hibernat  Hex/Ice        16%        N/A       14%         2

Your spell library contained the following spells:

 Spells                   Type           Power      Damage    Failure   Level
 Confusing Touch          Hex            13%        N/A       13%         3
 Tukima's Dance           Hex            13%        N/A       13%         3
 Dazzling Flash           Conj/Hex       16%        N/A       26%         3


Dungeon Overview and Level Annotations

Branches:
Dungeon (3/15)

Altars:


Innate Abilities, Weirdness & Mutations

You are small and have problems with some larger weapons.
You are completely attuned to the shadows.


Message History

The orc wizard attacks as you move away!
The orc wizard hits you but does no damage.
Okay, then.
Casting: Ensorcelled Hibernation (safe; 14% risk of failure)
Confirm with . or Enter, or press ? or * to list all spells.
You don't have enough magic to cast this spell.
You hit the orc wizard.
The orc wizard is moderately wounded.
The orc wizard casts a spell.
The orc wizard flickers and vanishes!
Deactivating autopickup; reactivate with Ctrl-A.
You hit something but do no damage. Something hits you but does no damage.
The orc wizard points at you and mumbles some strange words.
The magic dart hits something!
You closely miss something. You barely miss something. Something hits you.
You hit something.
Reactivating autopickup.
You feel a bit more experienced. The orc wizard casts a spell at you.
The puff of flame hits you!
The orc wizard hits you with a +0 dagger.
Things that are here:
a +0 dagger; a +0 robe; an orc corpse You barely miss the orc wizard.
The orc wizard points at you and mumbles some strange words.
The puff of flame hits you.
* * * LOW HITPOINT WARNING * * *
You closely miss the orc wizard.
The orc wizard hits you with a +0 dagger.
* * * LOW HITPOINT WARNING * * *
Casting: Ensorcelled Hibernation (safe; 14% risk of failure)
Confirm with . or Enter, or press ? or * to list all spells.
Aiming: Ensorcelled Hibernation (safe; 14% risk of failure)
Press: ? - help, Shift-Dir - straight line, f - orc wizard
Aim: an orc wizard, wielding a +0 dagger and wearing a +0 robe (chance to affect: 41%)
The orc wizard resists with some effort.
The orc wizard casts a spell at you. The magic dart hits you.
You die...

..###.....# #........#.# #.#
#####.# ##........... #.## ##.#
#.........#.# #..#####..#
########............
##...#...#####................#.#
####.#.####..........########....
.# #...# #..##.......# ####.
.#########.###..############# ##
...#####...# #.o@....÷......# #
##†#####.### ####......####.# ##
...#####...# #......# #.####.
.#########.## #......# #...... .#
#...# #..#####......# ##..###
####.#.####............# ##....
##...#...#######.......# #####
#..#####..# ####......# #.## ##.#
#.........#


You could see an orc wizard.

Vanquished Creatures
  An orc priest (D:3)
  3 orc wizards
  A gnoll (D:3)
  3 adders
  A worm (D:2)
  2 dart slugs
  4 orcs (D:3)
  5 ball pythons
  5 endoplasms
  A giant cockroach (D:3)
  4 hobgoblins
  A quokka (D:2)
  6 bats
  A frilled lizard (D:3)
  10 goblins
  5 kobolds
  3 rats
56 creatures vanquished.

Vanquished Creatures (others)
  An orc (D:3)
  3 plants (D:3)
4 creatures vanquished.

Grand Total: 60 creatures vanquished

Notes
Turn   | Place    | Note
-------+----------+-------------------------------------------
     0 | D:1      | Setbun the Kobold Enchanter began the quest for the Orb.
     0 | D:1      | Reached XP level 1. HP: 10/10 MP: 3/3
    61 | D:1      | Reached XP level 2. HP: 9/16 MP: 5/5
   199 | D:1      | Learned a level 2 spell: Ensorcelled Hibernation
   713 | D:1      | Reached XP level 3. HP: 20/20 MP: 6/6
   741 | D:1      | Found a faded altar of an unknown god.
  1517 | D:2      | Reached skill level 1 in Fighting
  1517 | D:2      | Reached XP level 4. HP: 25/25 MP: 7/7
  2277 | D:3      | Reached XP level 5. HP: 5/27 MP: 7/9
  2855 | D:2      | Killed from afar by an orc wizard

Illustrated notes

Levels and vault maps discovered:
D:1:      lemuel_arrival_funnel, layout_rooms,
          dreamdust_ecumenical_altar_angels_and_demons
D:2:      layout_basic, serial_co_window_serial, co_window_cross_1,
          co_window_corner_a, co_window_paths_b, co_window_paths_b,
          co_window_corner_a, co_window_corner_a, co_window_corner_b,
          co_window_of_opportunity_b, co_window_corner_ca, co_window_sun,
          glass_columns_b, glass_columns_c
D:3:      cheibrodos_old_hovel, layout_basic, hex_intersection

Skill      XL: |  1  2  3  4  5 |
---------------+----------------+-----
Short Blades   | 2 3 4 |  4.1
Fighting       | 1 |  1.7
Dodging        | 3 |  3.3
Stealth        | |  4.8
Spellcasting   | |  2.9
Hexes          | |  3.6

Action                   |  1- 3 |  4- 6 || total
-------------------------+-------+-------++-------
Melee: Dagger            |    71 |   121 ||   192
       Punch             |     1 |     1 ||     2
 Cast: Ensorcelled Hiber |     2 |    11 ||    13
 Abil: Evoke Invisibilit |       |     1 ||     1
 Stab: Sleeping          |    14 |     7 ||    21
       Invisible         |       |     3 ||     3
Armor: Robe              |    10 |    24 ||    34
Dodge: Dodged            |    41 |    83 ||   124

Table legend: (Time is in decaauts)
 A = Elapsed time spent in this place.
 B = Non-inter-level travel time spent in this place.
 C = Inter-level travel time spent in this place.
 D = Time resting spent in this place.
 E = Time spent auto-exploring this place.
 F = Levels seen in this place.
 G = Mean time per level.
                   A        B        C        D        E       F      G
               +--------+--------+--------+--------+--------+-----+--------+
         Total |   2829 |   2774 |     55 |    292 |   2037 |   3 |  943.0 |
       Dungeon |   2829 |   2774 |     55 |    292 |   2037 |   3 |  943.0 |
               +--------+--------+--------+--------+--------+-----+--------+

Top non-repeatable levels by time:
     D:2: 1326 daAuts
     D:1: 974 daAuts
     D:3: 528 daAuts
